APP
OAKLAND (APP) ATHLETICS @ GREAT FALLS VOYAGERS
08/29/2044
 
TOP OF THE 1ST
Oakland (APP) Athletics batting - Pitching for Great Falls Voyagers : RHP Andy Gibson
Pitching: RHP Andy Gibson
Batting: RHB Colin Coleman 0-0: Ball
1-0: Called Strike
1-1: Called Strike
1-2: Foul Ball, location: 2F
1-2: SINGLE (Groundball, 6MD, EV 108.8 MPH) (infield hit)
Batting: RHB Walt Alaniz 0-0: Swinging Strike
0-1: Called Strike
0-2: Ball
1-2: Ball
2-2: Fly out, F2 (Popup, 25F, EV 91.3 MPH)
Batting: RHB Steve Blackshear 0-0: Ball
1-0: Ball
2-0: Called Strike
2-1: Called Strike
2-2: Ball
3-2: Base on Balls
Colin Coleman to second
Batting: RHB Matt Black 0-0: Called Strike
0-1: Called Strike
0-2: Ball
1-2: Ball
2-2: Strikes out swinging
Batting: RHB Tetsuya Shinoda 0-0: Ball
1-0: Called Strike
1-1: Ball
2-1: Called Strike
2-2: Ball
3-2: Base on Balls
Colin Coleman to third
Steve Blackshear to second
Batting: RHB Branden Mackie 0-0: SINGLE (Line Drive, 9LM, EV 90.6 MPH)
Colin Coleman scores
Steve Blackshear to third
Tetsuya Shinoda to second
Batting: SHB George Marshall 0-0: Ball
1-0: Called Strike
1-1: Swinging Strike
1-2: Ball
2-2: Strikes out swinging
Top of the 1st over - 1 run, 2 hits, 0 errors, 3 left on base; Oakland (APP) 1 - Great Falls 0
BOTTOM OF THE 1ST
Great Falls Voyagers batting - Pitching for Oakland (APP) Athletics : RHP Jesus Gonzales
Pitching: RHP Jesus Gonzales
Batting: RHB Andy Cotton 0-0: Called Strike
0-1: Ball
1-1: SINGLE (Line Drive, 8RS, EV 96.3 MPH)
Batting: RHB Kasey Bland 0-0: Ball
1-0: Called Strike
1-1: Fielders Choice at 2nd, 5-4 (Groundball, 56, EV 105.6 MPH)
Batting: LHB Josh Pittman 0-0: Ball
Kasey Bland steals 2nd base
1-0: Swinging Strike
1-1: Foul Ball, location: 2F
1-2: Strikes out swinging
Batting: SHB Matt Childers 0-0: 2-RUN HOME RUN (Flyball, 89XD, EV 108.8 MPH), Distance : 416 ft
Batting: LHB Carlos Ramirez 0-0: Ball
1-0: Ball
2-0: Called Strike
2-1: Foul Ball, location: 2F
2-2: Foul Ball, location: 2F
2-2: Foul Ball, location: 2F
2-2: Foul Ball, location: 2F
2-2: Ball
3-2: Base on Balls
Batting: RHB Josh Newby 0-0: Ball
Carlos Ramirez is caught stealing 2nd base 2-4
Bottom of the 1st over - 2 runs, 2 hits, 0 errors, 0 left on base; Oakland (APP) 1 - Great Falls 2
TOP OF THE 2ND
Oakland (APP) Athletics batting - Pitching for Great Falls Voyagers : RHP Andy Gibson
Batting: LHB Mark Friedmann 0-0: Ball
1-0: Foul Ball, location: 2F
1-1: Ground out 5-3 (Groundball, 15, EV 81.9 MPH)
Batting: RHB Tim Anderson 0-0: Called Strike
0-1: Foul Ball, location: 2F
0-2: Ball
1-2: Ball
2-2: Strikes out swinging
Batting: RHB Colin Coleman 0-0: Ball
1-0: Ball
2-0: Called Strike
2-1: Ground out 5-3 (Groundball, 5, EV 82.5 MPH)
Top of the 2nd over - 0 runs, 0 hits, 0 errors, 0 left on base; Oakland (APP) 1 - Great Falls 2
BOTTOM OF THE 2ND
Great Falls Voyagers batting - Pitching for Oakland (APP) Athletics : RHP Jesus Gonzales
Batting: RHB Josh Newby 0-0: Ball
1-0: Foul Ball, location: 2F
1-1: Foul Ball, location: 2F
1-2: Strikes out looking
Batting: RHB Duncan Collins 0-0: Ball
1-0: Ball
2-0: Ball
3-0: Foul Ball, location: 2F
3-1: Called Strike
3-2: Foul Ball, location: 2F
3-2: Foul Ball, location: 2F
3-2: Foul Ball, location: 2F
3-2: Foul Ball, location: 2F
3-2: Foul Ball, location: 2F
3-2: Foul Ball, location: 2F
3-2: Foul Ball, location: 2F
3-2: Foul Ball, location: 2F
3-2: Foul Ball, location: 2F
3-2: Base on Balls
Batting: RHB Tommy Ellington 0-0: DOUBLE (Line Drive, 5D, EV 94.4 MPH)
Duncan Collins to third
Batting: SHB Jose Romo 0-0: SINGLE (Groundball, 4S, EV 65.6 MPH) (infield hit)
Duncan Collins scores
Tommy Ellington to third
Batting: RHB Andy Cotton 0-0: Foul Ball, location: 2F
0-1: Ball
1-1: Ball
2-1: Ball
Jose Romo steals 2nd, throwing error, E2
Tommy Ellington scores
Jose Romo to third
3-1: Foul Ball, location: 2F
3-2: Foul Ball, location: 2F
3-2: Fly out, F3 (Popup, 3, EV 66.3 MPH)
Batting: RHB Kasey Bland 0-0: Called Strike
0-1: Ball
1-1: Foul Ball, location: 2F
1-2: Ball
2-2: Foul Ball, location: 2F
2-2: Strikes out looking
Bottom of the 2nd over - 2 runs, 2 hits, 1 error, 1 left on base; Oakland (APP) 1 - Great Falls 4
TOP OF THE 3RD
Oakland (APP) Athletics batting - Pitching for Great Falls Voyagers : RHP Andy Gibson
Batting: RHB Walt Alaniz 0-0: Foul Ball, location: 2F
0-1: Ball
1-1: Fly out, F8 (Line Drive, 8LM, EV 89.4 MPH)
Batting: RHB Steve Blackshear 0-0: Foul Ball, location: 2F
0-1: Foul Ball, location: 2F
0-2: Ball
1-2: Ball
2-2: Foul Ball, location: 2F
2-2: Ball
3-2: Foul Ball, location: 2F
3-2: SOLO HOME RUN (Flyball, 7D, EV 96.3 MPH), Distance : 379 ft
Batting: RHB Matt Black 0-0: Called Strike
0-1: Foul Ball, location: 2F
0-2: Ball
1-2: Ball
2-2: Foul Ball, location: 2F
2-2: Foul Ball, location: 2F
2-2: Foul Ball, location: 2F
2-2: SOLO HOME RUN (Flyball, 78XD, EV 106.3 MPH), Distance : 419 ft
Batting: RHB Tetsuya Shinoda 0-0: Called Strike
0-1: Foul Ball, location: 2F
0-2: Ball
1-2: Strikes out swinging
Batting: RHB Branden Mackie 0-0: Swinging Strike
0-1: Ball
1-1: Called Strike
1-2: Fly out, F7 (Flyball, 78M, EV 88.1 MPH)
Top of the 3rd over - 2 runs, 2 hits, 0 errors, 0 left on base; Oakland (APP) 3 - Great Falls 4
BOTTOM OF THE 3RD
Great Falls Voyagers batting - Pitching for Oakland (APP) Athletics : RHP Jesus Gonzales
Batting: LHB Josh Pittman 0-0: Ball
1-0: Swinging Strike
1-1: Ball
2-1: Ball
3-1: Base on Balls
Batting: SHB Matt Childers 0-0: Ball
Wild Pitch!
Josh Pittman to second
1-0: Ball
2-0: Ball
3-0: Base on Balls
Batting: LHB Carlos Ramirez 0-0: Called Strike
0-1: Foul Ball, location: 2F
0-2: Ball
1-2: Strikes out swinging
Batting: RHB Josh Newby 0-0: Ball
1-0: Ball
2-0: Foul Ball, location: 2F
2-1: Ball
3-1: Base on Balls
Josh Pittman to third
Matt Childers to second
Batting: RHB Duncan Collins 0-0: Ball
1-0: Ball
2-0: Ball
3-0: Base on Balls
Josh Pittman scores
Matt Childers to third
Josh Newby to second
Batting: RHB Tommy Ellington 0-0: Ball
1-0: Foul Ball, location: 2F
1-1: Hit by Pitch
Matt Childers scores
Josh Newby to third
Duncan Collins to second
Pitching: LHP David Rodriguez
Batting: SHB Jose Romo 0-0: Ball
1-0: Ball
2-0: DOUBLE (Line Drive, 7LD, EV 110.6 MPH)
Josh Newby scores
Duncan Collins scores
Tommy Ellington to third
Runner from 3rd tries for Home, SAFE, no throw by LF
Batting: RHB Andy Cotton 0-0: Foul Ball, location: 2F
0-1: Ball
1-1: Foul Ball, location: 2F
1-2: Ball
2-2: Ball
3-2: Base on Balls
Batting: RHB Kasey Bland 0-0: Fielders Choice at 2nd, 3-6 (Groundball, 34, EV 92.5 MPH)
Jose Romo to third
Batting: LHB Josh Pittman 0-0: Ball
1-0: Foul Ball, location: 2F
1-1: Foul Ball, location: 2F
1-2: Foul Ball, location: 2F
1-2: Strikes out swinging
Bottom of the 3rd over - 5 runs, 1 hit, 0 errors, 2 left on base; Oakland (APP) 3 - Great Falls 9
TOP OF THE 4TH
Oakland (APP) Athletics batting - Pitching for Great Falls Voyagers : RHP Andy Gibson
Batting: SHB George Marshall 0-0: Ground out 6-3 (Groundball, 6, EV 100.6 MPH)
Batting: LHB Mark Friedmann 0-0: SOLO HOME RUN (Flyball, 9LD, EV 91.9 MPH), Distance : 349 ft
Batting: RHB Tim Anderson 0-0: Called Strike
0-1: Swinging Strike
0-2: Strikes out swinging
Batting: RHB Colin Coleman 0-0: Fly out, F4 (Popup, 34D, EV 70.0 MPH)
Top of the 4th over - 1 run, 1 hit, 0 errors, 0 left on base; Oakland (APP) 4 - Great Falls 9
BOTTOM OF THE 4TH
Great Falls Voyagers batting - Pitching for Oakland (APP) Athletics : LHP David Rodriguez
Batting: SHB Matt Childers 0-0: Called Strike
0-1: Foul Ball, location: 2F
0-2: Ball
1-2: Strikes out looking
Batting: LHB Carlos Ramirez 0-0: Called Strike
0-1: Ground out U3 (Groundball, 34S, EV 78.8 MPH)
Batting: RHB Josh Newby 0-0: Ball
1-0: Ball
2-0: Ball
3-0: Called Strike
3-1: Foul Ball, location: 2F
3-2: Strikes out swinging
Bottom of the 4th over - 0 runs, 0 hits, 0 errors, 0 left on base; Oakland (APP) 4 - Great Falls 9
TOP OF THE 5TH
Oakland (APP) Athletics batting - Pitching for Great Falls Voyagers : RHP Andy Gibson
Batting: RHB Walt Alaniz 0-0: Foul Ball, location: 2F
0-1: Swinging Strike
0-2: Ball
1-2: Strikes out swinging, 2-3 out at first.
Batting: RHB Steve Blackshear 0-0: Swinging Strike
0-1: Ball
1-1: Swinging Strike
1-2: Ball
2-2: Ground out 6-3 (Groundball, 6, EV 77.5 MPH)
Batting: RHB Matt Black 0-0: Ball
1-0: Foul Ball, location: 2F
1-1: Swinging Strike
1-2: Ball
2-2: Strikes out swinging
Top of the 5th over - 0 runs, 0 hits, 0 errors, 0 left on base; Oakland (APP) 4 - Great Falls 9
BOTTOM OF THE 5TH
Great Falls Voyagers batting - Pitching for Oakland (APP) Athletics : LHP David Rodriguez
Batting: RHB Duncan Collins 0-0: Ball
1-0: Called Strike
1-1: Foul Ball, location: 2F
1-2: Strikes out swinging
Batting: RHB Tommy Ellington 0-0: Foul Ball, location: 2F
0-1: Foul Ball, location: 2F
0-2: Ball
1-2: Strikes out swinging
Batting: SHB Jose Romo 0-0: Called Strike
0-1: Ball
1-1: Ball
2-1: SINGLE (Groundball, 4D, EV 105.0 MPH)
Pitching: RHP Kyle Rasor
Batting: RHB Andy Cotton 0-0: Ball
1-0: Ball
2-0: Ball
3-0: Base on Balls
Jose Romo to second
Batting: RHB Kasey Bland 0-0: Foul Ball, location: 2F
0-1: Ball
1-1: Ball
2-1: Fly out, F9 (Flyball, 89M, EV 89.4 MPH)
Bottom of the 5th over - 0 runs, 1 hit, 0 errors, 2 left on base; Oakland (APP) 4 - Great Falls 9
TOP OF THE 6TH
Oakland (APP) Athletics batting - Pitching for Great Falls Voyagers : RHP Andy Gibson
Pitching: LHP Jeremy Soliday
Batting: RHB Tetsuya Shinoda 0-0: Called Strike
0-1: Ball
1-1: Swinging Strike
1-2: Foul Ball, location: 2F
1-2: Strikes out swinging
Batting: RHB Branden Mackie 0-0: Ball
1-0: Foul Ball, location: 2F
1-1: SINGLE (Groundball, 25, EV 60.6 MPH) (infield hit)
Batting: SHB George Marshall 0-0: Ball
1-0: Ground out 5-3 (Groundball, 56S, EV 73.8 MPH)
Branden Mackie to second
Batting: LHB Mark Friedmann 0-0: Called Strike
0-1: Ball
1-1: Ball
2-1: Ball
3-1: Base on Balls
Batting: RHB Tim Anderson 0-0: Ball
1-0: Ball
2-0: Called Strike
2-1: Ball
3-1: Swinging Strike
3-2: Strikes out swinging
Top of the 6th over - 0 runs, 1 hit, 0 errors, 2 left on base; Oakland (APP) 4 - Great Falls 9
BOTTOM OF THE 6TH
Great Falls Voyagers batting - Pitching for Oakland (APP) Athletics : RHP Kyle Rasor
Batting: LHB Josh Pittman 0-0: Ball
1-0: Ball
2-0: Ball
3-0: Called Strike
3-1: Ground out 4-3 (Groundball, 4, EV 81.9 MPH)
Batting: SHB Matt Childers 0-0: Foul Ball, location: 2F
0-1: Fly out, F5 (Popup, 56, EV 68.1 MPH)
Batting: LHB Carlos Ramirez 0-0: Called Strike
0-1: Ball
1-1: Swinging Strike
1-2: Strikes out swinging
Bottom of the 6th over - 0 runs, 0 hits, 0 errors, 0 left on base; Oakland (APP) 4 - Great Falls 9
TOP OF THE 7TH
Oakland (APP) Athletics batting - Pitching for Great Falls Voyagers : LHP Jeremy Soliday
Batting: RHB Colin Coleman 0-0: Called Strike
0-1: Ground out U3 (Groundball, 34, EV 81.3 MPH)
Batting: RHB Walt Alaniz 0-0: DOUBLE (Line Drive, 78D, EV 100.6 MPH)
Batting: RHB Steve Blackshear 0-0: Called Strike
0-1: Swinging Strike
0-2: Ball
1-2: Fly out, F8 (Line Drive, 8RM, EV 102.5 MPH)
Batting: RHB Matt Black 0-0: Ball
1-0: Called Strike
1-1: Ball
2-1: Called Strike
2-2: Foul Ball, location: 2F
2-2: Foul Ball, location: 2F
2-2: Ball
3-2: Base on Balls
Pitching: RHP Maury Compson
Batting: RHB Tetsuya Shinoda 0-0: Ball
1-0: Called Strike
1-1: Foul Ball, location: 2F
1-2: Ball
2-2: Ball
3-2: SINGLE (Line Drive, 8RM, EV 90.6 MPH)
Walt Alaniz to third
Matt Black to second
Walt Alaniz scores
Matt Black to third
Batting: RHB Branden Mackie 0-0: DOUBLE (Groundball, 5L, EV 96.9 MPH)
Matt Black scores
Tetsuya Shinoda to third
Runner from 3rd tries for Home, SAFE, throw by LF to trailing runner, OUT at third! 7-3-5
Top of the 7th over - 3 runs, 3 hits, 0 errors, 0 left on base; Oakland (APP) 7 - Great Falls 9
BOTTOM OF THE 7TH
Great Falls Voyagers batting - Pitching for Oakland (APP) Athletics : RHP Kyle Rasor
Batting: RHB Josh Newby 0-0: Ball
1-0: Ball
2-0: Ball
3-0: Called Strike
3-1: Base on Balls
Batting: RHB Duncan Collins 0-0: Called Strike
0-1: Foul Ball, location: 2F
0-2: Strikes out swinging
Batting: RHB Tommy Ellington 0-0: Called Strike
0-1: Ball
1-1: Ball
2-1: Foul Ball, location: 2F
2-2: Strikes out swinging
Batting: SHB Jose Romo 0-0: Called Strike
0-1: Ball
Josh Newby is caught stealing 2nd base 2-6
Bottom of the 7th over - 0 runs, 0 hits, 0 errors, 0 left on base; Oakland (APP) 7 - Great Falls 9
TOP OF THE 8TH
Oakland (APP) Athletics batting - Pitching for Great Falls Voyagers : RHP Maury Compson
Batting: SHB George Marshall 0-0: Called Strike
0-1: DOUBLE (Groundball, 3L, EV 105.0 MPH)
Batting: LHB Mark Friedmann 0-0: Ball
1-0: Called Strike
1-1: Called Strike
1-2: Ball
2-2: Strikes out swinging
Batting: RHB Tim Anderson 0-0: Ball
1-0: Ball
2-0: Ball
3-0: Base on Balls
Batting: RHB Colin Coleman 0-0: Ball
1-0: Foul Ball, location: 2F
1-1: Ball
2-1: Foul Ball, location: 2F
2-2: Strikes out swinging
Batting: RHB Walt Alaniz 0-0: Foul Ball, location: 2F
0-1: Foul Ball, location: 2F
0-2: Ball
1-2: Ball
2-2: Foul Ball, location: 2F
2-2: Ground out 4-3 (Groundball, 4, EV 101.3 MPH)
Top of the 8th over - 0 runs, 1 hit, 0 errors, 2 left on base; Oakland (APP) 7 - Great Falls 9
BOTTOM OF THE 8TH
Great Falls Voyagers batting - Pitching for Oakland (APP) Athletics : RHP Kyle Rasor
Pitching: RHP Jon Hollman
Batting: SHB Jose Romo 0-0: Called Strike
0-1: Ground out 4-3 (Groundball, 4D, EV 83.8 MPH)
Batting: RHB Andy Cotton 0-0: Called Strike
0-1: Foul Ball, location: 2F
0-2: Ball
1-2: Foul Ball, location: 2F
1-2: Ball
2-2: Hit by Pitch
Batting: RHB Kasey Bland 0-0: Called Strike
0-1: Ball
1-1: Swinging Strike
1-2: Strikes out swinging
Batting: LHB Josh Pittman 0-0: Called Strike
Andy Cotton steals 2nd base
0-1: Foul Ball, location: 2F
0-2: Strikes out swinging
Bottom of the 8th over - 0 runs, 0 hits, 0 errors, 1 left on base; Oakland (APP) 7 - Great Falls 9
TOP OF THE 9TH
Oakland (APP) Athletics batting - Pitching for Great Falls Voyagers : RHP Maury Compson
Pitching: LHP Silas Chartier
Now in LF: Vic Lucatero
Batting: RHB Steve Blackshear 0-0: Foul Ball, location: 2F
0-1: Swinging Strike
0-2: Ground out 5-3 (Groundball, 5D, EV 90.0 MPH)
Batting: RHB Matt Black 0-0: Called Strike
0-1: Ball
1-1: Swinging Strike
1-2: Strikes out swinging
Batting: RHB Tetsuya Shinoda 0-0: Ball
1-0: SINGLE (Groundball, 56D, EV 97.5 MPH)
Batting: RHB Branden Mackie 0-0: Called Strike
0-1: Foul Ball, location: 2F
0-2: Ball
1-2: Foul Ball, location: 2F
1-2: Foul Ball, location: 2F
1-2: Ball
2-2: Foul Ball, location: 2F
2-2: Strikes out swinging
Top of the 9th over - 0 runs, 1 hit, 0 errors, 1 left on base; Oakland (APP) 7 - Great Falls 9
Thursday, March 31st , 2022 - OOTP Baseball 22.12 Build 89